 Dungeon Crawl Stone Soup version 0.31-a0-986-g5e6e4ef867 (webtiles) character file.

Game seed: 9117023951230903746

85 jasper the Changeling (level 4, -3/29 HPs)
             Began as an Octopode Shapeshifter on Nov 6, 2023.
             Killed by an exploding worm (19 damage)
             ... ignited by their inner flame
             ... on level 2 of the Dungeon.
             The game lasted 00:02:10 (1636 turns).

jasper the Changeling (Octopode Shapeshifter)       Turns: 1636, Time: 00:02:11

Health: -3/29      AC:  1    Str: 13    XL:     4   Next: 48%
Magic:  4/4        EV: 13    Int: 12    God:
Gold:   20         SH:  0    Dex: 13    Spells: 3/3 levels left

rFire   . .          .
                       - Unarmed
rCold   . . .        (no shield)
rNeg    . . .        (helmet currently unavailable)
rPois   .            (no amulet)
rElec   .            (no ring)
rCorr   .            (no ring)
SInv    .            (no ring)
Will    .....        (no ring)
Stlth   ++           (no ring)
HPRegen 0.24/turn    (no ring)
MPRegen 0.09/turn    (no ring)
                     (no ring)

%: no passive effects
@: beast-form
A: beast (slay +2), almost no armour, amphibious, 8 rings, camouflage 1,
gelatinous body 1, (nimble swimmer 1), tentacles
a: Begin Untransformation


You were on level 2 of the Dungeon.
You were a hulking beast.
You visited 1 branch of the dungeon, and saw 2 of its levels.

You collected 107 gold pieces.
You spent 87 gold pieces at shops.

Inventory:

Missiles
 g - 32 stones
 m - 2 silver javelins
Talismans
 b - a beast talisman
 c - a flux talisman
Scrolls
 f - 4 scrolls of brand weapon
Potions
 a - 2 potions of lignification
 d - a potion of brilliance
 i - a potion of curing
 l - a potion of haste
 p - a potion of invisibility
 q - 2 potions of magic {unknown}
 r - a potion of berserk rage {unknown}


   Skills:
 + Level 1.9 Fighting
 + Level 2.7 Dodging
 + Level 3.4 Unarmed Combat
 * Level 3.8 Shapeshifting


You had 3 spell levels left.
You didn't know any spells.
Your spell library was empty.

Dungeon Overview and Level Annotations

Branches:
Dungeon (2/15)

Altars:

Shops:
D:2 *


Innate Abilities, Weirdness & Mutations

You are a hulking beast.
Your limbs bulge with bestial killing power. (Slay +2)
You cannot wear most types of armour.
You are amphibious.
You can wear up to eight rings at the same time.
Your skin changes colour to match your surroundings (Stealth+).
Your rubbery body absorbs attacks. (AC +1, EV +1)
((You are camouflaged when in or above water. (Stealth+)))
You have tentacles for arms and can constrict up to eight enemies at once.


Message History

It is a scroll of brand weapon.
You aren't carrying any weapons that can be branded.
As you read the scroll labelled TOBUPL DEUXZAP, it crumbles to dust.
It is a scroll of identify.
d - a potion of brilliance
As you read the scroll of identify, it crumbles to dust.
i - a potion of curing
As you read the scroll of identify, it crumbles to dust.
l - a potion of haste
As you read the scroll of identify, it crumbles to dust.
p - a potion of invisibility
As you read the scroll labelled ICRIOS HENOMO, it crumbles to dust.
You assume a fearsome visage.
Nothing appears to happen.
It was a scroll of fear.
As you read the scroll labelled GEIQ DOSADWEDI, it crumbles to dust.
Wisps of shadow whirl around you...
It was a scroll of summoning.
As you read the scroll labelled GEOPTA SUTISUI, it crumbles to dust.
You feel momentarily disoriented.
It was a scroll of revelation.
As you read the scroll labelled FOCVEUXA OKOMU, it crumbles to dust.
You hear a loud clanging noise!
It was a scroll of noise.
As you read the scroll labelled MIKINOCERGH, it crumbles to dust.
The creatures around you are filled with an inner flame!
It was a scroll of immolation.
As you read the scroll labelled TOMACA WEITO, it crumbles to dust.
Your body is wracked with pain!
Your endoplasm convulses!
Flame seeps out of your endoplasm.
Your goblin convulses!
Flame seeps out of your goblin.
Your worm convulses!
Flame seeps out of your worm.
It was a scroll of torment.
Your worm is engulfed in blazing flames.
Your worm's corpse dissolves into shadows!
Your worm explodes!
The fiery explosion engulfs your endoplasm!!!
Your endoplasm dissolves into shadows!
The fiery explosion engulfs you!!
Ouch! That really hurt!
You die...

#.###..............<#....#
#...'.....................
#...#...#.......#.........
#...#...#>......#.........
#.......#'#+#####.........
#...............#.........
#.....##§§......#.........
#...####○○g.....#.........
#...####§h................
#.......l'###.............
##.......'###....###....#.
#.......'###....#........
#..........#....#........
#..........#....#........
#................##....#.
#................#######.
#...##...........#######.


You could see a friendly goblin (summoned, inner flame) and a friendly frilled
lizard (summoned, inner flame).

Vanquished Creatures
  Natasha (D:2)
  3 adders (D:2)
  2 dart slugs
  3 endoplasms
  A giant cockroach (D:2)
  A goblin (D:1)
  5 hobgoblins
  2 ball pythons (D:1)
  4 bats
  2 frilled lizards
  3 kobolds
  7 rats
34 creatures vanquished.

Notes
Turn   | Place    | Note
-------+----------+-------------------------------------------
     0 | D:1      | jasper the Octopode Shapeshifter began the quest for the
                  | Orb.
     0 | D:1      | Reached XP level 1. HP: 13/13 MP: 1/1
   200 | D:1      | Reached XP level 2. HP: 13/18 MP: 2/2
   605 | D:2      | Found Baze's Assorted Antiques.
   617 | D:2      | Bought a scroll labelled GEOPTA SUTISUI for 29 gold pieces
   680 | D:2      | Reached XP level 3. HP: 23/23 MP: 3/3
   825 | D:2      | Reached XP level 4. HP: 16/29 MP: 4/4
  1344 | D:2      | Noticed Natasha
  1350 | D:2      | Killed Natasha
  1626 | D:2      | Bought a scroll labelled TOBUPL DEUXZAP for 29 gold pieces
  1626 | D:2      | Bought a scroll labelled TOMACA WEITO for 29 gold pieces
  1636 | D:2      | Killed by an exploding worm... ignited by their inner flame

Illustrated notes

Levels and vault maps discovered:
D:1:      minmay_arrival_wavy_path, layout_rooms
D:2:      layout_basic, serial_shops, shop, minmay_nonomino_d4, uniq_natasha

Action                     |  1- 3 |  4- 6 || total
---------------------------+-------+-------++-------
  Melee: Unarmed           |    58 |     6 ||    64
         Constrict         |    15 |     2 ||    17
         Punch             |     3 |       ||     3
         Tentacles         |     7 |     1 ||     8
    Use: Scroll            |       |    11 ||    11
   Stab: Sleeping          |     5 |       ||     5
 Armour: Skin              |    30 |     3 ||    33
  Dodge: Dodged            |    53 |     2 ||    55

Table legend: (Time is in decaauts)
 A = Elapsed time spent in this place.
 B = Non-inter-level travel time spent in this place.
 C = Inter-level travel time spent in this place.
 D = Time resting spent in this place.
 E = Time spent auto-exploring this place.
 F = Levels seen in this place.
 G = Mean time per level.
                   A        B        C        D        E       F      G
               +--------+--------+--------+--------+--------+-----+--------+
         Total |   1632 |   1574 |     58 |     22 |   1286 |   2 |  816.0 |
       Dungeon |   1632 |   1574 |     58 |     22 |   1286 |   2 |  816.0 |
               +--------+--------+--------+--------+--------+-----+--------+

Top non-repeatable levels by time:
     D:2: 1085 daAuts
     D:1: 547 daAuts
